[Event "Titled Tuesday Blitz April 19 Early 2022"]
[White "Markelova, Lubov"]
[Black "Carrasco Miranda, Andres"]
[WhiteFideId "24131369"]
[BlackFideId "3405990"]
[WhiteElo "1857"]
[BlackElo "2177"]
[Result "1/2-1/2"]
[Round "09"]
[TimeControl "180+1"]
[Date "2022.04.19"]
[WhiteClock "0:00:04"]
[BlackClock "0:00:15"]

1. e4 c5 2. Nf3 d6 3. d4 cxd4 4. Nxd4 Nf6 5. Nc3 a6 6. f3 e5 7. Nb3 Be6 8. Be3 h5 9. Qd2 Nbd7 10. O-O-O Rc8 11. Kb1 Qc7 12. Nd5 Bxd5 13. exd5 g6 14. Be2 Bg7 15. h4 O-O 16. g4 Nb6 17. gxh5 Nxh5 18. Rhg1 Nc4 19. Bxc4 Qxc4 20. Rg2 e4 21. fxe4 Qxe4 22. Bg5 Rc7 23. Qe2 Qb4 24. a3 Qa4 25. Rg4 Qd7 26. Re4 Rfc8 27. Rd2 Qf5 28. Re8+ Rxe8 29. Qxe8+ Kh7 30. Qe2 Ng3 31. Qf2 Qxf2 32. Rxf2 f5 33. Rg2 Ne4 34. Nd2 Nxg5 35. hxg5 Be5 36. Nf3 Bf4 37. Re2 Kg7 38. Re6 Kf7 39. Rf6+ Kg7 40. Nh4 Rc5 41. Rxg6+ Kh7 42. Rh6+ Kg7 43. Rg6+ Kh7 44. Rh6+ Kg8 45. Rg6+ Kh7 1/2-1/2


[Site "https://www.chess.com"]

[Event "Titled Tuesday Blitz April 19 Early 2022"]
[White "Martic, Ivan"]
[Black "Chen, Qi b"]
[WhiteFideId "929301"]
[BlackFideId "8614733"]
[WhiteElo "2317"]
[BlackElo "2432"]
[Result "0-1"]
[Round "09"]
[TimeControl "180+1"]
[Date "2022.04.19"]
[WhiteClock "0:00:11"]
[BlackClock "0:00:03"]

1. d4 Nf6 2. Nf3 d5 3. Bf4 e6 4. e3 Bd6 5. Bg3 O-O 6. Nbd2 c5 7. c3 Qc7 8. Bb5 a6 9. Bd3 Nbd7 10. b4 b6 11. bxc5 bxc5 12. O-O Bb7 13. Rb1 Rab8 14. Qe2 c4 15. Bc2 Bxg3 16. hxg3 Qa5 17. Rfc1 Bc6 18. e4 h6 19. e5 Nh7 20. g4 Rxb1 21. Bxb1 Rb8 22. g5 Nxg5 23. Nxg5 hxg5 24. Nf3 Qa3 25. Qe3 g4 26. Ng5 Nf8 27. Rf1 Rb2 28. Qf4 Qe7 29. Qxg4 g6 30. Qh4 Ba4 31. g3 f6 32. Nf3 g5 33. Qh5 fxe5 34. Nxe5 Bc2 35. Bxc2 Rxc2 36. Kg2 Qf6 37. Ng4 Qg6 38. Qh3 Qe4+ 39. Kg1 Qg6 40. Ne5 Qf5 41. Qh5 Rxa2 42. Ng4 Qg6 43. Qh3 Rb2 44. Re1 a5 45. Ne5 Qf5 46. Qh2 a4 47. g4 Qf4 48. Qg2 a3 49. Nc6 a2 50. Qf1 Qf3 51. Ne5 Qxc3 52. Rc1 Qxc1 53. Qxc1 Rb1 54. Kg2 Rxc1 0-1


[Site "https://www.chess.com"]

[Event "Titled Tuesday Blitz April 19 Early 2022"]
[White "Matlakov, Maxim"]
[Black "Pranav, V"]
[WhiteFideId "4168003"]
[BlackFideId "25060783"]
[WhiteElo "2669"]
[BlackElo "2349"]
[Result "0-1"]
[Round "09"]
[TimeControl "180+1"]
[Date "2022.04.19"]
[WhiteClock "0:00:01"]
[BlackClock "0:00:14"]

1. e4 e5 2. Bc4 Nf6 3. d3 Nc6 4. Nc3 Bc5 5. f4 d5 6. Nxd5 Ng4 7. f5 h5 8. Nf3 Nf2 9. Qe2 Nxh1 10. Be3 Bxe3 11. Qxe3 f6 12. O-O-O Na5 13. Nh4 c6 14. Nc3 Qd4 15. Qf3 Nf2 16. Re1 b5 17. Bb3 Nxb3+ 18. axb3 a5 19. Ng6 Rh6 20. Ne2 Qb6 21. d4 Ng4 22. h3 Rxg6 23. fxg6 Nh6 24. dxe5 fxe5 25. Qxh5 Qc5 26. Qf3 Be6 27. Ng3 a4 28. b4 Qxb4 29. c3 Qe7 30. Nf5 Qg5+ 31. Ne3 a3 32. b4 a2 33. Kb2 a1=Q+ 34. Rxa1 Rxa1 35. Kxa1 Qxg6 36. g4 Qg5 37. Kb2 Qf4 38. Qe2 Qxe4 39. Qd2 Nf7 40. Nd1 Ke7 41. Nf2 Qf4 42. Qe2 Nd6 43. Nd3 Qc4 44. Qe3 Qb3+ 45. Kc1 Qxc3+ 46. Kb1 e4 47. Qg5+ Qf6 0-1


[Site "https://www.chess.com"]

[Event "Titled Tuesday Blitz April 19 Early 2022"]
[White "Meekins, Kristopher C"]
[Black "Vidonyak, Roman"]
[WhiteFideId "2005964"]
[BlackFideId "14100622"]
[WhiteElo "2305"]
[BlackElo "2438"]
[Result "1-0"]
[Round "09"]
[TimeControl "180+1"]
[Date "2022.04.19"]
[WhiteClock "0:00:31"]
[BlackClock "0:00:15"]

1. b3 Nf6 2. Bb2 g6 3. e3 Bg7 4. Nf3 d5 5. d4 O-O 6. Bd3 c5 7. dxc5 Nc6 8. a3 a5 9. Nbd2 Re8 10. Rb1 e5 11. e4 Bg4 12. h3 Bxf3 13. Qxf3 dxe4 14. Nxe4 Nxe4 15. Bxe4 Nd4 16. Bxd4 Qxd4 17. O-O Qxc5 18. Bxb7 Rab8 19. Bd5 Re7 20. a4 Qxc2 21. Rfc1 Qd2 22. Bc4 e4 23. Qe3 Qb4 24. Rd1 Kh8 25. Rd5 f5 26. Rbd1 Ree8 27. Rd7 Rbc8 28. Qa7 Qc3 29. Rxg7 Qxg7 30. Rd7 Qa1+ 31. Kh2 Qe5+ 32. g3 Rxc4 33. Rxh7+ Kg8 34. Qf7# 1-0


[Site "https://www.chess.com"]

[Event "Titled Tuesday Blitz April 19 Early 2022"]
[White "Mikhalsky, Vladimir"]
[Black "Horcajuelo Rocamora, Martin"]
[WhiteFideId "14144352"]
[BlackFideId "24573027"]
[WhiteElo "2301"]
[BlackElo "1822"]
[Result "0-1"]
[Round "09"]
[TimeControl "180+1"]
[Date "2022.04.19"]
[WhiteClock "0:00:01"]
[BlackClock "0:00:33"]

1. c4 Nf6 2. Nc3 e6 3. e4 d5 4. e5 Nfd7 5. cxd5 Nxe5 6. d4 Ng6 7. dxe6 Bxe6 8. d5 Bd7 9. h4 Bd6 10. h5 Nf4 11. g3 Qe7+ 12. Be3 O-O 13. gxf4 Bxf4 14. Qd4 Be5 15. Qd2 Na6 16. Nf3 Bf6 17. O-O-O Nb4 18. a3 Bxc3 19. bxc3 Nxd5 20. Kb2 Nb6 21. Rg1 Na4+ 22. Ka2 Be6+ 23. c4 Rfd8 24. Bd4 f6 25. h6 g6 26. Qf4 Qf7 27. Kb3 Nc5+ 28. Bxc5 Rxd1 29. Be2 Rxg1 30. Nxg1 b6 31. Bd4 c5 32. Bc3 b5 33. Nf3 bxc4+ 34. Ka2 Re8 35. Nd2 g5 36. Qg3 Bd5 37. Bf3 Be6 38. Qg2 Rd8 39. Be4 Rxd2+ 40. Bxd2 c3+ 41. Kb1 cxd2 42. Kc2 Qd7 43. Qf3 Bb3+ 44. Qxb3+ Kf8 45. Kd1 Qg4+ 46. Bf3 Qd4 47. Be2 Ke7 48. Qb7+ Kd6 49. Qc8 Qa1+ 50. Kxd2 Qb2+ 51. Ke1 Qc1+ 52. Bd1 Qc3+ 53. Kf1 Qd3+ 54. Be2 Qb1+ 55. Kg2 Qe4+ 56. Bf3 Qc2 57. Qd8+ Ke5 58. Qe7+ Kd4 59. Qxf6+ Kc4 60. Qe6+ Kb5 61. Qe8+ Ka5 62. Qd8+ Ka4 63. Qxg5 Kxa3 64. Qe3+ Ka4 65. Be4 Qc4 66. Bxh7 Qg4+ 67. Qg3 Qh5 0-1


[Site "https://www.chess.com"]

[Event "Titled Tuesday Blitz April 19 Early 2022"]
[White "Miszler, Levente"]
[Black "Kadam, Om Manish"]
[WhiteFideId "763276"]
[BlackFideId "45076294"]
[WhiteElo "1966"]
[BlackElo "1729"]
[Result "0-1"]
[Round "09"]
[TimeControl "180+1"]
[Date "2022.04.19"]
[WhiteClock "0:00:05"]
[BlackClock "0:00:11"]

1. Nf3 Nf6 2. c4 g6 3. g3 Bg7 4. Bg2 O-O 5. O-O c6 6. b3 d5 7. Bb2 Bf5 8. d3 Nbd7 9. Nbd2 Re8 10. Re1 e5 11. e4 dxe4 12. dxe4 Bg4 13. h3 Bxf3 14. Nxf3 Qe7 15. Qd2 Rad8 16. Qc2 Nh5 17. Rad1 Nf8 18. Rxd8 Rxd8 19. Rd1 f6 20. c5 Rxd1+ 21. Qxd1 Qxc5 22. Bc1 Ne6 23. Be3 Qe7 24. Bxa7 Qa3 25. Qd7 Nf8 26. Qxb7 Qxa2 27. Be3 Qe2 28. Kh2 f5 29. Qxc6 Nxg3 30. Kxg3 f4+ 31. Bxf4 exf4+ 32. Kh2 Qxf2 33. Qd5+ Kh8 34. Ng5 h6 35. Nf3 g5 36. Qf5 Qg3+ 37. Kh1 Qf2 38. Ne5 Qe1+ 39. Kh2 Qc3 40. Nf7+ Kg8 41. Qd5 Qg3+ 42. Kh1 f3 43. Nxg5+ Kh8 44. Nxf3 Ng6 45. Qf5 Nf4 46. Qg4 Ne2 47. Qxg3 Nxg3+ 48. Kh2 Nxe4 49. Nh4 Nc3 50. b4 Be5+ 51. Kg1 Kg7 52. Nf5+ Kg6 53. Nh4+ Kf6 54. Nf3 Bd6 55. Kf1 Bxb4 56. Ne1 Nd1 57. Nd3 Bc3 58. Nf2 Ne3+ 59. Kg1 Bd4 60. Kh1 Kg5 61. Ng4 Nf5 62. Be4 Ng3+ 63. Kg2 Nxe4 64. Nh2 Bc5 65. Nf3+ Kf4 66. Nh2 Nf6 67. Nf3 Nd5 68. Nh4 Ne3+ 69. Kh2 Bd6 70. Ng6+ Kg5+ 71. Nf4 Bxf4+ 72. Kh1 Kh4 73. Kg1 Kxh3 74. Kh1 h5 75. Kg1 h4 76. Kh1 Kg3 77. Kg1 Ng4 78. Kh1 h3 79. Kg1 h2+ 80. Kh1 Nf2# 0-1


[Site "https://www.chess.com"]

[Event "Titled Tuesday Blitz April 19 Early 2022"]
[White "Mitrabha, Guha"]
[Black "Fromm, Marius"]
[WhiteFideId "5057000"]
[BlackFideId "12993190"]
[WhiteElo "2468"]
[BlackElo "2565"]
[Result "1-0"]
[Round "09"]
[TimeControl "180+1"]
[Date "2022.04.19"]
[WhiteClock "0:01:34"]
[BlackClock "0:00:02"]

1. d4 Nf6 2. Nf3 e6 3. Bf4 d5 4. e3 Bd6 5. Nbd2 O-O 6. Bd3 c5 7. c3 b6 8. Ne5 Qc7 9. Qf3 Ba6 10. Bc2 Nbd7 11. Qg3 Nh5 12. Qh4 g6 13. Ndf3 Nxf4 14. exf4 f6 15. Nxg6 hxg6 16. Bxg6 Nb8 17. Qg4 f5 18. Bxf5+ Qg7 19. Bxe6+ Kh8 20. Ng5 Qh6 21. Nf7+ Rxf7 22. Bxf7 Nc6 23. O-O-O Qxf4+ 24. Qxf4 Bxf4+ 25. Kb1 cxd4 26. Bxd5 Rc8 27. Bxc6 Rxc6 28. Rxd4 Be5 29. Rd8+ Kg7 30. Rd7+ Kf6 31. Rxa7 Bd3+ 32. Ka1 b5 33. a3 Be4 34. f3 Bd5 35. Rd1 Bc4 36. g3 Be2 37. Re1 1-0


[Site "https://www.chess.com"]

[Event "Titled Tuesday Blitz April 19 Early 2022"]
[White "Mohammadian, Mohammad"]
[Black "De Arruda, Leandro Formes"]
[WhiteFideId "12566055"]
[BlackFideId "22722009"]
[WhiteElo "1544"]
[BlackElo "1852"]
[Result "0-1"]
[Round "09"]
[TimeControl "180+1"]
[Date "2022.04.19"]
[WhiteClock "0:00:05"]
[BlackClock "0:01:00"]

1. e4 e6 2. d4 d5 3. Nd2 dxe4 4. Nxe4 Nd7 5. Nf3 Ngf6 6. Bg5 Be7 7. Nxf6+ Nxf6 8. Bxf6 Bxf6 9. c3 O-O 10. Bd3 b6 11. O-O Bb7 12. Bc2 g6 13. Re1 Qd7 14. Ne5 Bxe5 15. Rxe5 Rad8 16. Qe2 Qe7 17. Bb3 Qf6 18. Re1 a5 19. a4 Kg7 20. h3 Rd6 21. Qg4 Rfd8 22. h4 Bd5 23. Bxd5 Rxd5 24. h5 c5 25. hxg6 hxg6 26. Rxd5 Rxd5 27. dxc5 Rxc5 28. Qe2 Rd5 29. g3 Qg5 30. Kg2 Kf8 31. Qa6 Qd2 32. Rh1 Rd6 33. Qc8+ Ke7 34. Rh8 Qd5+ 35. Kg1 Kf6 36. Qa6 Qf3 37. Qa7 Rd1+ 38. Kh2 Rh1# 0-1


[Site "https://www.chess.com"]

[Event "Titled Tuesday Blitz April 19 Early 2022"]
[White "Molina, Roberto Junio Brito"]
[Black "Hnydiuk, Aleksander"]
[WhiteFideId "2109450"]
[BlackFideId "1109057"]
[WhiteElo "2432"]
[BlackElo "2374"]
[Result "1-0"]
[Round "09"]
[TimeControl "180+1"]
[Date "2022.04.19"]
[WhiteClock "0:00:14"]
[BlackClock "0:00:04"]

1. d4 Nf6 2. c4 c5 3. d5 b5 4. cxb5 a6 5. b6 d6 6. Nc3 g6 7. e4 Bg7 8. Nf3 Nbd7 9. a4 Qxb6 10. a5 Qb4 11. Ra4 Qb7 12. Nd2 Ne5 13. Be2 O-O 14. O-O Ne8 15. f4 Nd7 16. Nc4 Nc7 17. Be3 Nb5 18. Qd2 Nd4 19. Bd3 f5 20. exf5 gxf5 21. Rb1 Qb3 22. Ra3 Qb4 23. Ra4 Qb3 24. Kh1 Rb8 25. Raa1 Kh8 26. Na4 Bb7 27. Nab6 Nxb6 28. Nxb6 Rg8 29. Bc4 Qc2 30. Rd1 Qxd2 31. Rxd2 Rbd8 32. Rad1 Bf6 33. b4 Rg4 34. bxc5 dxc5 35. Bd3 h5 36. Bc4 h4 37. h3 Rg3 38. Bf2 Rg7 39. Kh2 Rdg8 40. Be3 e6 41. Bxd4 Bxd4 42. Re2 exd5 43. Bxd5 Bxd5 44. Nxd5 Rb7 45. Rdd2 Rb5 46. Ne7 Rg7 47. Nxf5 Rf7 48. Nxd4 cxd4 49. Rxd4 Rxa5 50. Re8+ Kg7 51. Re5 Rxe5 52. fxe5 Re7 53. Rxh4 Rxe5 54. Ra4 a5 55. Kg3 Kf6 56. Kf4 Rf5+ 57. Ke4 Re5+ 58. Kd3 Rg5 59. g4 Kg6 60. Ke3 Rb5 61. Kf4 Rb4+ 62. Rxb4 axb4 63. Ke3 Kg5 64. Kd4 1-0


[Site "https://www.chess.com"]

[Event "Titled Tuesday Blitz April 19 Early 2022"]
[White "Mortazavi, Ali"]
[Black "Bilych, Olexiy"]
[WhiteFideId "401323"]
[BlackFideId "14156504"]
[WhiteElo "2339"]
[BlackElo "2176"]
[Result "0-1"]
[Round "09"]
[TimeControl "180+1"]
[Date "2022.04.19"]
[WhiteClock "0:00:11"]
[BlackClock "0:00:12"]

1. Nf3 d5 2. g3 Nf6 3. Bg2 c5 4. O-O Nc6 5. d3 e5 6. Nbd2 Bd6 7. e4 d4 8. Nh4 Bg4 9. f3 Be6 10. a4 Bc7 11. Nc4 O-O 12. Bd2 b6 13. Qe1 a6 14. f4 b5 15. Na3 Rb8 16. axb5 axb5 17. f5 Bd7 18. h3 Ba5 19. Bxa5 Qxa5 20. Qf2 Qb4 21. Rab1 c4 22. g4 c3 23. Qe1 Ra8 24. Bf3 cxb2 25. Qxb4 Nxb4 26. Rxb2 Nxd3 27. cxd3 Rxa3 28. g5 Ne8 29. Be2 Nd6 30. Nf3 f6 31. gxf6 gxf6 32. Kh1 Kf7 33. Nd2 Rg8 34. Rc1 Ke7 35. Rc7 Rg3 36. Bf1 Kd8 37. Rc1 Rg8 38. Nb3 Ke7 39. Be2 Rc8 40. Rg1 Rc3 41. Nd2 Bc6 42. Rg7+ Kf8 43. Rxh7 Nxf5 44. Kh2 Ne3 45. Bh5 Rxd3 46. Rf7+ Kg8 47. Nf3 Bxe4 48. Nh4 Nf5 49. Rg2+ Bxg2 50. Nxf5 Be4 51. Ne7+ Kh8 52. Rf8+ Kg7 53. Rf7+ Kh6 54. Be2 Rxh3+ 55. Kg1 Rag3+ 56. Kf2 Rg2+ 57. Ke1 Re3 58. Ng8+ Kg5 59. Rg7+ Kf5 60. Rxg2 Bxg2 61. Nh6+ Ke6 62. Kf2 Bd5 63. Bg4+ Kd6 64. Nf5+ Kc5 65. Nxe3 dxe3+ 66. Kxe3 b4 67. Kd2 Kd4 68. Bf5 e4 0-1


[Site "https://www.chess.com"]

[Event "Titled Tuesday Blitz April 19 Early 2022"]
[White "Murthy, Pappu"]
[Black "Toncheva, Nadya"]
[WhiteFideId "2013401"]
[BlackFideId "2924056"]
[WhiteElo "1954"]
[BlackElo "1884"]
[Result "0-1"]
[Round "09"]
[TimeControl "180+1"]
[Date "2022.04.19"]
[WhiteClock "0:00:05"]
[BlackClock "0:01:03"]

1. c4 Nf6 2. Nc3 e6 3. e4 d5 4. e5 Nfd7 5. cxd5 exd5 6. d4 Nb6 7. Nf3 c5 8. Bd3 Nc6 9. O-O Be7 10. dxc5 Bxc5 11. Re1 h6 12. Bf4 O-O 13. Rc1 Bg4 14. Bb1 Nd4 15. Qd3 Bf5 16. Qe3 Nxf3+ 17. Qxf3 Bxb1 18. Rxb1 d4 19. Ne4 Be7 20. Rbd1 Qd5 21. Qg3 Kh8 22. Qh3 Qe6 23. Qh5 Rfd8 24. Nf6 Bxf6 25. Bxh6 g6 26. Qf3 Bg7 27. Bxg7+ Kxg7 28. Re4 Rd5 29. Rde1 Re8 30. Rh4 Rxe5 31. Rf1 Re1 0-1


[Site "https://www.chess.com"]

[Event "Titled Tuesday Blitz April 19 Early 2022"]
[White "Nakamura, Hikaru"]
[Black "Bortnyk, Olexandr"]
[WhiteFideId "2016192"]
[BlackFideId "14120828"]
[WhiteElo "2850"]
[BlackElo "2723"]
[Result "1-0"]
[Round "09"]
[TimeControl "180+1"]
[Date "2022.04.19"]
[WhiteClock "0:00:40"]
[BlackClock "0:00:01"]

1. Nf3 d5 2. e3 Nf6 3. c4 e6 4. b3 b6 5. Bb2 Bb7 6. g3 Nbd7 7. Bg2 Be7 8. O-O O-O 9. cxd5 exd5 10. d4 a6 11. Nc3 Re8 12. Rc1 Bb4 13. Qc2 Bxc3 14. Qxc3 Rc8 15. Bh3 Qe7 16. Qc2 c6 17. a4 a5 18. Ra1 Rc7 19. Rfc1 Ne4 20. Qd1 Qf6 21. Bg2 Ba6 22. Rc2 Qf5 23. Rac1 Bb7 24. Ne1 Re6 25. Nd3 g5 26. f3 Nef6 27. Ne5 Nxe5 28. dxe5 Nd7 29. f4 Nc5 30. Rxc5 bxc5 31. g4 Qg6 32. f5 Qh6 33. fxe6 fxe6 34. Qe2 Qg6 35. Ba3 c4 36. bxc4 Ba6 37. Qc2 Qxc2 38. Rxc2 Bxc4 39. Bf1 Bb3 40. Rf2 Bxa4 41. Rf8+ Kg7 42. Rf6 c5 43. Rxe6 c4 44. Re7+ Rxe7 45. Bxe7 h6 46. e6 c3 47. Ba3 c2 48. e7 Kf7 49. Bd3 Bb3 50. Bg6+ 1-0


[Site "https://www.chess.com"]

[Event "Titled Tuesday Blitz April 19 Early 2022"]
[White "Nazari, Arad"]
[Black "Vlassov, Nikolai"]
[WhiteFideId "12577324"]
[BlackFideId "4103360"]
[WhiteElo "2129"]
[BlackElo "2407"]
[Result "1-0"]
[Round "09"]
[TimeControl "180+1"]
[Date "2022.04.19"]
[WhiteClock "0:00:43"]
[BlackClock "0:00:38"]

1. e4 Nc6 2. Nf3 d5 3. e5 Bg4 4. Bb5 e6 5. d4 Ne7 6. c3 a6 7. Bd3 Nf5 8. h3 Bxf3 9. Qxf3 Nce7 10. Bg5 Qd7 11. g4 h6 12. gxf5 hxg5 13. fxe6 fxe6 14. Nd2 c5 15. O-O-O cxd4 16. cxd4 O-O-O 17. Kb1 Nc6 18. Nb3 Rh4 19. Be2 Be7 20. Qe3 Rf8 21. Bg4 Rf4 22. f3 Kb8 23. Rd2 Bb4 24. Rc2 Rh8 25. Rhc1 Rc8 26. Qd3 Bf8 27. Qg6 Re8 28. Qxg5 Rxd4 29. Nxd4 Nxd4 30. Rc7 Qb5 31. Bh5 Ba3 32. Qd2 Rh8 33. Qxd4 Rxh5 34. Rc8# 1-0


[Site "https://www.chess.com"]

[Event "Titled Tuesday Blitz April 19 Early 2022"]
[White "Ning, Kaiyu"]
[Black "Kornyukov, Alexey"]
[WhiteFideId "8614750"]
[BlackFideId "4150457"]
[WhiteElo "2013"]
[BlackElo "2303"]
[Result "1-0"]
[Round "09"]
[TimeControl "180+1"]
[Date "2022.04.19"]
[WhiteClock "0:00:44"]
[BlackClock "0:00:03"]

1. d4 d5 2. c4 e6 3. Nf3 c6 4. e3 Nf6 5. Be2 Nbd7 6. Nc3 dxc4 7. Bxc4 b5 8. Bd3 a6 9. e4 c5 10. e5 cxd4 11. Ne2 Ng4 12. Bf4 Bb4+ 13. Kf1 Bb7 14. Nexd4 Bc5 15. Qe2 Qb6 16. Rd1 h5 17. h3 O-O-O 18. hxg4 hxg4 19. Rxh8 Rxh8 20. Be4 gxf3 21. Bxb7+ Qxb7 22. Nxf3 Rh1+ 23. Ng1 Qc6 24. Rc1 Kb7 25. b4 1-0


[Site "https://www.chess.com"]

[Event "Titled Tuesday Blitz April 19 Early 2022"]
[White "Niyazgulova, Marina"]
[Black "Legenia, Artem"]
[WhiteFideId "24142573"]
[BlackFideId "14136945"]
[WhiteElo "2046"]
[BlackElo "1936"]
[Result "1/2-1/2"]
[Round "09"]
[TimeControl "180+1"]
[Date "2022.04.19"]
[WhiteClock "0:00:25"]
[BlackClock "0:00:42"]

1. d4 b6 2. c4 Nf6 3. Nc3 Bb7 4. Nf3 e6 5. Bg5 Bb4 6. e3 Bxc3+ 7. bxc3 h6 8. Bxf6 Qxf6 9. Bd3 O-O 10. e4 d6 11. O-O Nd7 12. Qe2 c5 13. Rfd1 e5 14. Qe3 exd4 15. cxd4 Rfe8 16. d5 Ne5 17. Nxe5 Qxe5 18. f4 Qh5 19. Re1 g5 20. g3 gxf4 21. gxf4 Kh8 22. Kh1 Rg8 23. e5 Rae8 24. Qe4 Rg7 25. Rg1 dxe5 26. Rxg7 Kxg7 27. Qh7+ Kf8 28. Qh8+ Ke7 29. Qxe5+ Qxe5 30. fxe5 f6 31. Re1 fxe5 32. Rxe5+ Kd8 33. Rxe8+ Kxe8 34. Kg1 b5 35. Kf2 bxc4 36. Bxc4 Ke7 37. Ke3 Kd6 38. Ke4 1/2-1/2


[Site "https://www.chess.com"]

[Event "Titled Tuesday Blitz April 19 Early 2022"]
[White "Nogerbek, Kazybek"]
[Black "Mokshanov, Alexey"]
[WhiteFideId "13710427"]
[BlackFideId "24121657"]
[WhiteElo "2466"]
[BlackElo "2141"]
[Result "0-1"]
[Round "09"]
[TimeControl "180+1"]
[Date "2022.04.19"]
[WhiteClock "0:01:02"]
[BlackClock "0:00:24"]

1. e4 e6 2. Nf3 d5 3. Nc3 Nf6 4. e5 Nfd7 5. Ne2 c5 6. c3 Nc6 7. d4 f6 8. Nf4 fxe5 9. Nxe6 Qb6 10. Nxf8 Rxf8 11. dxe5 Ndxe5 12. Nxe5 Nxe5 13. Qxd5 Qe6 14. Bb5+ Kf7 15. Qxe6+ Bxe6 16. Be3 b6 17. f3 Bc4 18. Bxc4+ Nxc4 19. Bc1 Rfe8+ 20. Kf2 Rad8 21. Re1 Nxb2 22. Rxe8 Kxe8 23. Ke2 Nc4 24. Bf4 Rd7 25. h4 Re7+ 26. Kd3 Nb2+ 27. Kd2 Nc4+ 28. Kc2 Kd7 29. h5 Kc6 30. a4 a6 31. Rd1 b5 32. axb5+ axb5 33. Rg1 Re2+ 34. Kd3 Ra2 35. g4 Kd5 36. g5 Rf2 37. g6 h6 38. Rg3 Nb2+ 39. Ke3 Nd1+ 40. Kd3 c4# 0-1


[Site "https://www.chess.com"]

[Event "Titled Tuesday Blitz April 19 Early 2022"]
[White "Oganian, Miran"]
[Black "Le, Tuan Minh"]
[WhiteFideId "4122488"]
[BlackFideId "12401153"]
[WhiteElo "2357"]
[BlackElo "2450"]
[Result "0-1"]
[Round "09"]
[TimeControl "180+1"]
[Date "2022.04.19"]
[WhiteClock "0:00:47"]
[BlackClock "0:02:17"]

1. e4 c5 2. Nf3 Nf6 3. e5 Nd5 4. c3 Nc6 5. d4 cxd4 6. cxd4 d6 7. Bc4 dxe5 8. Bxd5 Qxd5 9. Nc3 Qd6 10. d5 Nd4 11. Nxd4 exd4 12. Qxd4 e5 13. Qd2 Qg6 14. Nb5 Qxg2 15. Nc7+ Kd8 16. Rf1 Qe4+ 17. Kd1 Bg4+ 18. f3 Bxf3+ 19. Rxf3 Qxf3+ 20. Ke1 Qh1+ 21. Ke2 Qxh2+ 0-1


[Site "https://www.chess.com"]

[Event "Titled Tuesday Blitz April 19 Early 2022"]
[White "Okike, David"]
[Black "Schekachikhin, Maksim"]
[WhiteFideId "8500134"]
[BlackFideId "24177830"]
[WhiteElo "2232"]
[BlackElo "2230"]
[Result "0-1"]
[Round "09"]
[TimeControl "180+1"]
[Date "2022.04.19"]
[WhiteClock "0:00:16"]
[BlackClock "0:00:08"]

1. e4 c5 2. Nf3 e6 3. d4 cxd4 4. Nxd4 Nc6 5. Nc3 Qc7 6. Be3 a6 7. f3 Nf6 8. Qd2 Be7 9. O-O-O b5 10. g4 Nxd4 11. Qxd4 Bb7 12. g5 Nh5 13. Rd2 Rc8 14. a3 Bc5 15. Qxc5 Qxc5 16. Bxc5 Rxc5 17. h4 Ng3 18. Rg1 Nxf1 19. Rxf1 h6 20. f4 hxg5 21. hxg5 Rh4 22. e5 Rc4 23. Ne2 Bg2 24. Rf2 Be4 25. c3 Rh1+ 26. Rd1 Rh4 27. Rd4 Rxd4 28. Nxd4 Ke7 29. Kd2 d6 30. exd6+ Kxd6 31. Ne2 Bd5 32. Nc1 f6 33. gxf6 gxf6 34. Nd3 Bc4 35. Nb4 a5 36. Nc2 a4 37. Ne3 Rh1 38. Ng4 Ke7 39. Ke3 Re1+ 40. Kd4 f5 41. Ne3 Bb3 42. Ng2 Re4+ 43. Kc5 Bc4 44. Nh4 Kf6 45. Ng2 e5 46. fxe5+ Kxe5 47. Rd2 f4 48. Nh4 Re3 49. Rd6 Rh3 50. Ng6+ Kf5 51. Ne7+ Kg4 52. Nd5 Rh5 53. Rg6+ Kh4 54. Rf6 Rxd5+ 55. Kb4 Kg3 56. b3 axb3 57. Rg6+ Kf2 58. Rg1 Kxg1 59. a4 bxa4 60. Kxc4 0-1


[Site "https://www.chess.com"]

[Event "Titled Tuesday Blitz April 19 Early 2022"]
[White "Omelja, Artem"]
[Black "Polster, Christian"]
[WhiteFideId "14119846"]
[BlackFideId "12965081"]
[WhiteElo "2382"]
[BlackElo "2335"]
[Result "1-0"]
[Round "09"]
[TimeControl "180+1"]
[Date "2022.04.19"]
[WhiteClock "0:00:05"]
[BlackClock "0:00:01"]

1. d4 d5 2. c4 e6 3. Nc3 c6 4. Nf3 dxc4 5. e3 b5 6. a4 Bb4 7. Be2 Bb7 8. O-O a6 9. Ne5 Nd7 10. f4 Ngf6 11. Bf3 Nxe5 12. fxe5 Nd5 13. Qc2 Be7 14. Bxd5 exd5 15. Rf3 Qd7 16. Bd2 b4 17. Ne2 O-O-O 18. Rxf7 Qe6 19. Raf1 g5 20. Qf5 Qxf5 21. R1xf5 Rd7 22. Ng3 a5 23. Nh5 Ba6 24. Ng7 c3 25. bxc3 b3 26. Bc1 Bd3 27. Rf2 Bg6 28. e6 Rb7 29. Bb2 Bxf7 30. exf7 Bf8 31. Ne6 Kd7 32. Nxf8+ Rxf8 33. Ba3 Kd8 34. Bxf8 b2 35. Be7+ Rxe7 36. f8=Q+ 1-0


[Site "https://www.chess.com"]

[Event "Titled Tuesday Blitz April 19 Early 2022"]
[White "Pacheco Lugo, Alejandro Jose"]
[Black "Alinasab, Mobina"]
[WhiteFideId "3903745"]
[BlackFideId "12528897"]
[WhiteElo "2146"]
[BlackElo "2031"]
[Result "1-0"]
[Round "09"]
[TimeControl "180+1"]
[Date "2022.04.19"]
[WhiteClock "0:00:52"]
[BlackClock "0:00:26"]

1. e4 c5 2. Nf3 d6 3. d4 cxd4 4. Nxd4 Nf6 5. Nc3 a6 6. Be3 e5 7. Nb3 Be6 8. f3 Nbd7 9. Qd2 b5 10. O-O-O Nb6 11. g4 Be7 12. g5 Nfd7 13. a3 Nc4 14. Bxc4 bxc4 15. Na1 Rb8 16. h4 O-O 17. Nd5 Bxd5 18. exd5 f5 19. f4 e4 20. c3 Qa5 21. Nc2 Nc5 22. Bxc5 Qxc5 23. Nb4 Qb5 24. Nc6 Rb7 25. h5 Bd8 26. h6 g6 27. Rh2 Bb6 28. Re2 Bc5 29. Qc2 Re8 30. Nd4 Bxd4 31. Rxd4 Rc7 32. Kd2 Rc5 33. Ke3 Rxd5 34. Red2 Rxd4 35. Rxd4 d5 36. Qd2 Rd8 37. Ke2 Kf7 38. Qe3 Qxb2+ 39. Rd2 Qxa3 40. Qd4 Qe7 41. Rb2 Kg8 42. Rb6 a5 43. Ra6 Rb8 44. Ra7 Rb7 45. Ra8+ Kf7 46. Qxd5+ 1-0


[Site "https://www.chess.com"]

[Event "Titled Tuesday Blitz April 19 Early 2022"]
[White "Pakleza, Zbigniew"]
[Black "Koelle, Tobias"]
[WhiteFideId "1119290"]
[BlackFideId "16207378"]
[WhiteElo "2467"]
[BlackElo "2541"]
[Result "1-0"]
[Round "09"]
[TimeControl "180+1"]
[Date "2022.04.19"]
[WhiteClock "0:00:09"]
[BlackClock "0:00:10"]

1. d4 e6 2. Nf3 b6 3. Bf4 Bb7 4. e3 Nf6 5. h3 c5 6. c3 Be7 7. Nbd2 O-O 8. Bd3 d5 9. O-O cxd4 10. cxd4 Ba6 11. Bxa6 Nxa6 12. Qa4 Qc8 13. Ne5 Qb7 14. Qc6 Qxc6 15. Nxc6 Rfe8 16. Rfc1 Bf8 17. a3 h6 18. Rc2 Kh7 19. b4 Nd7 20. Rac1 Kg6 21. Rc3 f6 22. Nf3 Nab8 23. b5 a6 24. a4 axb5 25. axb5 Kh7 26. g4 Ra3 27. R3c2 e5 28. dxe5 fxe5 29. Nfxe5 Nxe5 30. Nxe5 Bd6 31. Nd3 Bxf4 32. Nxf4 Rb3 33. Nxd5 Nd7 34. Nc7 Rf8 35. Kg2 Ne5 36. Ne6 Rf6 37. Nd4 Rb4 38. Rc7 Ng6 39. Kg3 Rb2 40. Nf5 Kh8 41. Rc8+ Nf8 42. f4 Rxb5 43. R1c7 Rd5 44. Nxg7 Rd3 45. Kf3 Kg8 46. Nf5 b5 47. Rb7 b4 48. Rxb4 h5 49. Rbb8 hxg4+ 50. hxg4 Rd1 51. Ng3 Rd7 52. g5 Rff7 53. Nh5 Rd6 54. Nf6+ Kg7 55. Ne8+ Kh7 56. Nxd6 Rd7 57. Rxf8 Ra7 58. Rf7+ Kg6 59. Rxa7 Kh5 60. Rh7+ Kg6 61. Rh6+ Kg7 62. Rb7+ Kg8 63. Rg6+ Kf8 64. Ne4 Ke8 65. Rg8# 1-0


[Site "https://www.chess.com"]